Map: Rainfall LE

Players

GhostRobo

  • Race: Terran Terran
  • Spawn Location: 11:00

A.I. 1 (Very Easy) - Winner!

  • Race: Zerg Zerg
  • Spawn Location: 5:00

VOD

Have the link to the VOD?

Description

Time

  • Played on: July 5, 2026, 5:04 a.m.
  • Length: 7:56
Show
View Real Time Build Order
Export as new Build Order

GhostRobo Terran 

Build Orders: Reaper Expand 

Get SALT Encoding   

  8  0:00  SCV  
  9  0:12  SCV  
  10  0:24  SCV  
  11  0:28  Supply Depot  
  11  0:37  SCV  
  12  0:52  Barracks  
  12  0:59  Refinery  
  12  1:02  SCV  
  13  1:21  SCV  
  14  1:33  SCV  
  15  1:41  Reaper  
  15  1:45  Orbital Command  
  16  2:13  Command Center  
  16  2:16  Marine  
  16  2:21  SCV  
  18  2:36  Supply Depot  
  18  2:38  SCV  
  18  2:41  Barracks Reactor  
  19  2:54  SCV  
  20  3:01  Factory  
  20  3:06  SCV  
  20  3:11  Refinery  
  21  3:18  SCV  
  21  3:36  SCV  
  21  3:40  Orbital Command  
  22  3:53  Starport  
  22  3:54  Barracks Tech Lab  
  22  3:57  Hellion x2  
  26  4:07  SCV x2  
  28  4:19  SCV x2  
  28  4:20  Marine  
  31  4:25  Hellion x2  
  35  4:31  SCV x2  
  37  4:43  SCV x2  
  39  4:53  Barracks Tech Lab  
  39  4:55  SCV x2  
  41  5:02  Supply Depot  
  41  5:07  SCV  
  41  5:12  Supply Depot  
  42  5:22  Stimpack  
  42  5:24  Marine, SCV x2, Hellion x2  
  49  5:31  Barracks  
  49  5:33  Barracks  
  49  5:34  Banshee  
  52  5:36  SCV x2  
  52  5:41  Command Center, Marine  
  55  5:48  SCV  
  56  5:59  Marine  
  57  6:15  SCV x2  
  57  6:17  Marine  
  56  6:27  SCV x2  
  56  6:32  Barracks Reactor  
  54  6:35  Marine, Starport Reactor  
  54  6:38  Barracks  
  54  6:39  SCV x2  
  57  6:41  Barracks  
  57  6:53  Marine, Marauder  
  60  6:56  Orbital Command  
  60  6:57  Supply Depot, SCV  
  60  6:58  SCV  
  62  7:05  Refinery  
  62  7:06  Refinery  
  62  7:10  SCV, Marine  
  62  7:14  Marauder  
  66  7:18  SCV  
  66  7:22  SCV  
  68  7:25  Hellion x2  
  68  7:26  Medivac x2  
  68  7:27  Marine x2  
  79  7:30  SCV  
  79  7:31  Barracks Reactor  
  79  7:32  Barracks Reactor  
  79  7:35  Supply Depot  
  79  7:37  Supply Depot  
Show
View Real Time Build Order
Export as new Build Order

A.I. 1 (Very Easy) Zerg - Winner!

Build Orders: Pool First 

Get SALT Encoding   

  8  0:01  Drone  
  9  0:10  Drone  
  10  0:18  Drone  
  11  0:25  Drone  
  12  0:33  Overlord  
  12  0:51  Drone  
  13  0:58  Drone  
  13  1:02  Spawning Pool  
  13  1:04  Extractor  
  13  1:07  Drone  
  13  1:14  Drone  
  14  1:21  Overlord  
  14  1:49  Zergling x2  
  14  1:50  Queen  
  17  2:02  Roach Warren  
  17  2:05  Drone  
  18  2:08  Zergling x2  
  18  2:10  Extractor  
  18  2:13  Drone  
  18  2:25  Drone  
  18  2:27  Zergling x2  
  20  2:35  Drone  
  21  2:45  Drone  
  22  2:55  Overlord  
  22  2:57  Drone  
  23  3:04  Drone  
  24  3:11  Drone  
  25  4:58  Zergling x2  
  27  5:50  Roach, Drone, Lair, Overlord  
  26  5:57  Drone  
  26  6:04  Drone  
  24  6:11  Drone  
  24  6:18  Zergling x2  
  24  6:19  Drone  
  24  6:26  Drone  
  24  6:33  Drone  
  25  6:41  Drone  
  26  6:48  Drone, Overseer  
  26  6:49  Overseer  
  27  6:55  Drone  
  30  7:01  Roach  
  30  7:02  Drone  
  31  7:09  Drone  
  32  7:17  Drone  
  35  7:44  Hatchery  
Tags
 
Add a new tag
Caveats
  • Supply blocks, unpowered buildings, or Contaminate may cause inaccurate times.
  • Supply counts are checked every 10 seconds.